 Dungeon Crawl Stone Soup version 0.29-a0-994-gc5c9f59d18 (webtiles) character file.

Game seed: 10424807553399171985

253 quixfox the Digger (level 6, -2/32 HPs)
             Began as a Gargoyle Earth Elementalist on Aug 4, 2022.
             Slain by a mummy (12 damage)
             ... in an ossuary.
             The game lasted 00:05:36 (2314 turns).

quixfox the Digger (Gargoyle Earth Elementalist)    Turns: 2314, Time: 00:05:36

Health: -2/32      AC:  7    Str: 11    XL:     6   Next: 14%
Magic:  7/12       EV: 12    Int: 18    God:
Gold:   121        SH:  0    Dex: 10    Spells: 12/13 levels left

rFire   . . .      SeeInvis .   j - +2 hammer (venom)
rCold   . . .      Faith    .   (no shield)
rNeg    + + .      Spirit   .   d - +0 robe {rN+}
rPois   ∞          Reflect  .   a - +0 helmet
rElec   +          Harm     .   (no cloak)
rCorr   .          Rampage  .   (no gloves)
Will    .....                   (no boots)
Stlth   ++........              (no amulet)
HPRegen 0.10/turn               (no ring)
MPRegen 0.13/turn               (no ring)

@: no status effects
A: sickness immunity, AC +4, negative energy resistance 1, electricity
resistance, torment resistance 1, petrification resistance
a: no special abilities


You were in an ossuary.
You visited 1 branch of the dungeon, and saw 3 of its levels.
You also visited: Ossuary.

You collected 121 gold pieces.

Inventory:

Hand Weapons
 j - a +2 hammer of venom (weapon)
Armour
 a - a +0 helmet (worn)
 d - a +0 robe of positive energy (worn)
Scrolls
 c - a scroll of enchant armour {unknown}
 e - 2 scrolls of teleportation {unknown}
 k - a scroll of identify {unknown}
 m - a scroll of immolation {unknown}
Potions
 b - a potion of magic
 f - 4 potions of brilliance {unknown}
 g - a potion of flight {unknown}
 h - a potion of berserk rage {unknown}
 i - a potion of attraction {unknown}
 l - a potion of degeneration {unknown}
 n - a potion of lignification {unknown}


   Skills:
 - Level 1.7 Dodging
 - Level 2.3 Stealth
 + Level 4.1 Spellcasting
 - Level 1.0 Transmutations
 + Level 6.1 Earth Magic


You had 12 spell levels left.
You knew the following spells:

 Your Spells              Type           Power      Damage    Failure   Level
a - Sandblast             Erth           50%        2d12      1%          1

Your spell library contained the following spells:

 Spells                   Type           Power      Damage    Failure   Level
 Passwall                 Tmut/Erth      13%        N/A       4%          2
 Stone Arrow              Conj/Erth      28%        3d8       12%         3
 Petrify                  Tmut/Erth      16%        N/A       32%         4
 Gell's Gravitas          Tloc           3%         N/A       41%         3
 Lesser Beckoning         Tloc           3%         N/A       41%         3
 Teleport Other           Tloc           3%         N/A       41%         3


Dungeon Overview and Level Annotations

Branches:
Dungeon (4/15)            Ossuary (1/1)
 Temple: D:4-7

Altars:
Okawaru

Annotations:
D:2 1 runed translucent door, Crazy Yiuf


Innate Abilities, Weirdness & Mutations

You are immune to sickness and miasma.
Your stone body is resilient. (AC +4)
You are immune to poison.
You resist negative energy. (rN+)
You are resistant to electric shocks. (rElec)
You are resistant to unholy torment.
You are immune to petrification.


Message History

Press: ? - help, Q - select action Shift-Dir - straight line, f - you
Okay, then.
Aiming: Sandblast (safe; 1% risk of failure)
Press: ? - help, Q - select action Shift-Dir - straight line, f - you That would be overly suicidal.
Okay, then.
Unknown command.
Aiming: Sandblast (safe; 1% risk of failure)
Press: ? - help, Q - select action Shift-Dir - straight line, f - kobold zombie
Aim: a kobold zombie (90% to hit)
The blast of sand hits the kobold zombie!
You destroy the kobold zombie!
Aiming: Sandblast (safe; 1% risk of failure)
Press: ? - help, Q - select action Shift-Dir - straight line, f - hobgoblin zombie
Aim: a hobgoblin zombie (94% to hit)
The blast of sand hits the hobgoblin zombie!
You destroy the hobgoblin zombie!
Aiming: Sandblast (safe; 1% risk of failure)
Press: ? - help, Q - select action Shift-Dir - straight line, f - mummy
Aim: a mummy (92% to hit)
The blast of sand hits the mummy.
The mummy is lightly damaged.
Aiming: Sandblast (safe; 1% risk of failure)
Press: ? - help, Q - select action Shift-Dir - straight line, f/p - mummy
Aim: a mummy (lightly damaged, 92% to hit)
The blast of sand hits the mummy!
The mummy is heavily damaged.
Aiming: Sandblast (safe; 1% risk of failure)
Press: ? - help, Q - select action Shift-Dir - straight line, f/p - mummy
Aim: a mummy (heavily damaged, 92% to hit)
The blast of sand hits the mummy.
The mummy is severely damaged.
The mummy barely misses you. The mummy hits you! The mummy closely misses you.
Aiming: Sandblast (safe; 1% risk of failure)
Press: ? - help, Q - select action Shift-Dir - straight line, f/p - mummy
Aim: a mummy (severely damaged, 92% to hit)
The blast of sand hits the mummy.
The mummy is almost destroyed.
The mummy hits you! x2
You die...

#....#
#....#
#....#
#....#
#....#
#....#
#....#
#MMM.#
#.@∩.#
######


You could see 3 mummies.

Vanquished Creatures
  Menkaure (D:4)
  Jessica (D:2)
  A mummy (D:4)
  Robin (D:2)
  2 adders (D:2)
  2 worms (D:2)
  A dart slug (D:1)
  An orc (D:4)
  2 endoplasms (D:1)
  2 gnoll zombies (Ossuary)
  11 goblins
  8 hobgoblins
  4 quokkas
  2 ball pythons
  4 bats (D:1)
  2 frilled lizards (D:1)
  A hobgoblin zombie (Ossuary)
  8 kobolds
  4 kobold zombies (Ossuary)
  An orc zombie (Ossuary)
  4 rats (D:1)
63 creatures vanquished.

Vanquished Creatures (others)
  3 fungi (D:1)
  3 plants (D:1)
6 creatures vanquished.

Grand Total: 69 creatures vanquished

Notes
Turn   | Place    | Note
-------+----------+-------------------------------------------
     0 | D:1      | quixfox the Gargoyle Earth Elementalist began the quest for
                  | the Orb.
     0 | D:1      | Reached XP level 1. HP: 10/10 MP: 3/3
   193 | D:1      | Reached skill level 1 in Transmutations
   193 | D:1      | Reached XP level 2. HP: 15/15 MP: 3/5
   350 | D:1      | Reached skill level 4 in Earth Magic
   403 | D:1      | Found a faded altar of an unknown god.
   823 | D:1      | Reached XP level 3. HP: 19/19 MP: 3/6
  1290 | D:2      | Noticed Jessica
  1293 | D:2      | Killed Jessica
  1294 | D:2      | Reached XP level 4. HP: 24/24 MP: 5/8
  1544 | D:2      | Found a runed translucent door.
  1545 | D:2      | Noticed Crazy Yiuf
  1688 | D:2      | Found an iron altar of Okawaru.
  1728 | D:2      | Noticed Robin
  1750 | D:2      | Killed Robin
  1751 | D:2      | Reached skill level 5 in Earth Magic
  2108 | D:2      | You fall into a shaft and drop 2 floors!
  2120 | D:4      | Noticed Menkaure
  2128 | D:4      | Killed Menkaure
  2129 | D:4      | Reached XP level 5. HP: 28/28 MP: 6/11
  2129 | D:4      | Reached XP level 6. HP: 32/32 MP: 6/12
  2175 | D:4      | Reached skill level 6 in Earth Magic
  2211 | D:4      | Found a sand-covered staircase.
  2231 | Ossuary  | Entered an ossuary
  2314 | Ossuary  | Slain by a mummy

Illustrated notes

Levels and vault maps discovered:
D:1:      heliophobic_arrival_enchanted_forest, layout_loops_ring,
          shapermc_ecumenical_altar_acropolis, dk_noncrumbling_2
D:2:      layout_basic, basic_altar, kennysheep_donut, uniq_robin, uniq_jessica,
          uniq_crazy_yiuf_cottage
D:4:      cheibrodos_quashed, layout_gridville,
          mainiacjoe_overflow_concentric_impassable, gup_ossuary_entry_pyramid,
          uniq_menkaure
Ossuary:  ossuary_tomb_3

Skill      XL: |  1  2  3  4  5  6 |
---------------+-------------------+-----
Transmutations | 1 |  1.0
Earth Magic    | 4 5 6 |  6.1
Spellcasting   | 3 4 |  4.1
Dodging        | |  1.7
Stealth        | |  2.3

Action                   |  1- 3 |  4- 6 || total
-------------------------+-------+-------++-------
Melee: Mace              |     2 |     6 ||     8
 Cast: Sandblast         |    42 |    44 ||    86
Armor: Robe              |     4 |     1 ||     5
Dodge: Dodged            |    14 |    15 ||    29

Table legend: (Time is in decaauts)
 A = Elapsed time spent in this place.
 B = Non-inter-level travel time spent in this place.
 C = Inter-level travel time spent in this place.
 D = Time resting spent in this place.
 E = Time spent auto-exploring this place.
 F = Levels seen in this place.
 G = Mean time per level.
                   A        B        C        D        E       F      G
               +--------+--------+--------+--------+--------+-----+--------+
         Total |   2406 |   2367 |     39 |    403 |   1469 |   4 |  601.5 |
       Dungeon |   2310 |   2271 |     39 |    361 |   1469 |   3 |  770.0 |
       Ossuary |     95 |     95 |      0 |     42 |      0 |   1 |   95.0 |
               +--------+--------+--------+--------+--------+-----+--------+

Top non-repeatable levels by time:
     D:1: 1131 daAuts
     D:2: 1045 daAuts
     D:4: 132 daAuts
 Ossuary: 95 daAuts
